[Event "November 21 Late 2023"]
[Site "https://www.chess.com"]
[Date "2023.11.21"]
[Round "6"]
[White "Khater, Sherif"]
[Black "Skaric, Djuro"]
[Result "1-0"]
[Board "93"]
[TimeControl "180+1"]
[WhiteFideId "2034280"]
[BlackFideId "934569"]
[WhiteElo "2510"]
[BlackElo "2282"]
[WhiteTeam "USA"]
[BlackTeam "SRB"]
[WhiteClock "0:00:30"]
[BlackClock "0:00:33"]

1. d4 d6 2. Bf4 g6 3. Nc3 Bg7 4. Qd2 Nf6 5. O-O-O Nc6 6. h4 h5 7. Nf3 a6 8. e3 Bg4 9. Bc4 O-O 10. a3 b5 11. Ba2 b4 12. Nd5 bxa3 13. bxa3 Rb8 14. Qc3 Na7 15. Qxc7 Ne4 16. Qxd8 Rfxd8 17. Rhf1 e6 18. Nb4 Nc3 19. Rd3 Nxa2+ 20. Nxa2 Rbc8 21. Kd2 Bxf3 22. gxf3 a5 23. Rb1 Nc6 24. Bh2 Bf6 25. Bg3 e5 26. d5 Ne7 27. e4 Bg7 28. Rb7 Kf8 29. Rc3 Bh6+ 30. Kd3 g5 31. Rcc7 Re8 32. Nc3 f5 33. Nb5 f4 34. Bh2 g4 35. Nxd6 Rxc7 36. Rxc7 Rd8 37. Nc4 Bg7 38. Nxa5 gxf3 39. Nc6 Bf6 40. Nxd8 Bxh4 41. Ne6+ Ke8 42. d6 Ng6 43. d7+ 1-0

[Event "November 21 Late 2023"]
[Site "https://www.chess.com"]
[Date "2023.11.21"]
[Round "6"]
[White "Kuegel, Tobias"]
[Black "Kujawski, Adam"]
[Result "1-0"]
[Board "94"]
[TimeControl "180+1"]
[WhiteFideId "4636295"]
[BlackFideId "1100920"]
[WhiteElo "2213"]
[BlackElo "2054"]
[WhiteTeam "GER"]
[BlackTeam "POL"]
[WhiteClock "0:00:03"]
[BlackClock "0:00:00"]

1. e4 e5 2. Nf3 Nc6 3. Bb5 a6 4. Bxc6 dxc6 5. O-O Bg4 6. h3 h5 7. d3 Qf6 8. Nbd2 Ne7 9. Re1 Ng6 10. d4 Bd6 11. hxg4 hxg4 12. Nh2 Rxh2 13. Qxg4 Rh4 14. Qf5 exd4 15. Nf3 Rh7 16. Bg5 Qe6 17. Qxe6+ fxe6 18. Nxd4 c5 19. Nf3 Ne5 20. Nxe5 Bxe5 21. c3 Kd7 22. g3 Rah8 23. Kg2 Rh2+ 24. Kf1 Rf8 25. Be3 Bxg3 26. Bxc5 Bd6 27. Kg1 Rfh8 28. Bxd6 cxd6 29. Rad1 R2h5 30. e5 Rg5+ 31. Kf1 d5 32. Re3 Rhh5 33. c4 Rxe5 34. cxd5 Rxd5 35. Rxd5+ Rxd5 36. Rb3 Kd6 37. Rxb7 Rd2 38. Rb6+ Ke5 39. Ke1 Rc2 40. Rxa6 Rxb2 41. Ra7 g5 42. Kf1 Ke4 43. Kg2 e5 44. Ra4+ Kf5 45. a3 1-0

[Event "November 21 Late 2023"]
[Site "https://www.chess.com"]
[Date "2023.11.21"]
[Round "6"]
[White "Kochiev, Ivan"]
[Black "Akhayan, Ruben"]
[Result "1-0"]
[Board "95"]
[TimeControl "180+1"]
[WhiteFideId "2917890"]
[BlackFideId "204439"]
[WhiteElo "2285"]
[BlackElo "2141"]
[WhiteTeam "BUL"]
[BlackTeam "BEL"]
[WhiteClock "0:00:05"]
[BlackClock "0:00:00"]

1. e4 e5 2. Nf3 Nc6 3. d4 exd4 4. Bc4 Nf6 5. O-O Nxe4 6. Nc3 Nxc3 7. bxc3 d5 8. Bb5 Be7 9. Nxd4 Bd7 10. Bd3 Nxd4 11. cxd4 O-O 12. Qh5 g6 13. Qxd5 Bc6 14. Qxd8 Raxd8 15. c3 Bd6 16. Re1 Rfe8 17. Be3 Kg7 18. Rab1 b6 19. f3 Re7 20. Re2 Rde8 21. Rbe1 h6 22. c4 Bb4 23. Kf2 Bxe1+ 24. Rxe1 Bd7 25. d5 Kh7 26. h4 Bf5 27. Bf1 h5 28. Bd2 Rxe1 29. Bxe1 Bb1 30. a3 Ba2 31. Bd3 a6 32. a4 Bb3 33. a5 bxa5 34. Bxa5 Re7 35. Bb4 Rd7 36. Ke3 Ba4 37. Kd4 c6 38. d6 Rb7 39. Kc5 Kg8 40. Ba5 Kf8 41. Be4 Ke8 42. Bxc6+ Bxc6 43. Kxc6 Rd7 44. Bc7 f6 45. c5 g5 46. hxg5 fxg5 47. Kd5 Rg7 48. c6 g4 49. Ke6 Rg6+ 50. Kf5 Rg7 51. fxg4 hxg4 52. g3 1-0

[Event "November 21 Late 2023"]
[Site "https://www.chess.com"]
[Date "2023.11.21"]
[Round "6"]
[White "Toniutti, Ezio"]
[Black "Nita, Lucian"]
[Result "0-1"]
[Board "96"]
[TimeControl "180+1"]
[WhiteFideId "113034"]
[BlackFideId "1206923"]
[WhiteElo "2215"]
[BlackElo "2066"]
[WhiteTeam "ARG"]
[BlackTeam "ROU"]
[WhiteClock "0:00:00"]
[BlackClock "0:00:16"]

1. d4 d6 2. c4 Nf6 3. Nc3 Nbd7 4. Nf3 e5 5. e4 Be7 6. Be2 O-O 7. O-O c6 8. Be3 a6 9. Rc1 Ng4 10. Bd2 Re8 11. d5 c5 12. a3 Nf8 13. b4 cxb4 14. axb4 f5 15. Qb3 fxe4 16. Nxe4 Nf6 17. Ng3 Kh8 18. Ng5 Kg8 19. c5 h6 20. N5e4 N8h7 21. Rfd1 Nxe4 22. Nxe4 Bf5 23. Bd3 Bxe4 24. Bxe4 Nf6 25. Bf5 Kh8 26. Be3 Rf8 27. Be6 Ne8 28. Qd3 Bg5 29. c6 Bxe3 30. Qxe3 b6 31. Bd7 Nf6 32. Be6 Qc7 33. h3 Nh5 34. g3 g6 35. Qe4 Kg7 36. Ra1 Nf6 37. Qe2 b5 38. Qe3 Ne8 39. Ra5 Qa7 40. Qxa7+ Rxa7 41. Bd7 Nc7 42. Rd2 Raa8 43. Kg2 Rad8 44. Rda2 Ra8 45. Rd2 Rf7 46. Bg4 h5 47. Be2 Raf8 48. Bf1 Kf6 49. Raa2 Ke7 50. Rab2 Ra8 51. Ra2 Rf5 52. Be2 e4 53. Bd1 Rxd5 54. Re2 Re5 55. Bc2 d5 56. Bb3 Kd6 57. Rad2 Kxc6 58. Re3 Kd6 59. Rc3 Ne6 60. Rcc2 Ra7 61. Rc8 a5 62. Rd8+ Nxd8 63. bxa5 Ne6 0-1

[Event "November 21 Late 2023"]
[Site "https://www.chess.com"]
[Date "2023.11.21"]
[Round "6"]
[White "Maisuradze, Nino"]
[Black "Bilan, Danila"]
[Result "0-1"]
[Board "97"]
[TimeControl "180+1"]
[WhiteFideId "13601717"]
[BlackFideId "24161918"]
[WhiteElo "2108"]
[BlackElo "2146"]
[WhiteTeam "FRA"]
[BlackTeam "RUS"]
[WhiteClock "0:00:04"]
[BlackClock "0:00:04"]

1. Nf3 d5 2. g3 Nf6 3. Bg2 Bf5 4. O-O e6 5. d3 c6 6. Nbd2 Bc5 7. h3 Qc7 8. c3 Nbd7 9. d4 Bd6 10. Re1 Ne4 11. Nxe4 Bxe4 12. Nd2 f5 13. f3 Bxg3 14. Rf1 O-O 15. fxe4 fxe4 16. Rxf8+ Rxf8 17. Nf1 Bf2+ 18. Kh1 Nf6 19. Bg5 Nh5 20. e3 Qf7 21. Qg4 h6 22. Bh4 Nf6 23. Bxf6 Qxf6 24. Nh2 Bxe3 25. Rf1 Qe7 26. Rxf8+ Kxf8 27. Nf1 Bc1 28. Qe2 Qf6 29. Ne3 Ke7 30. Ng4 Qg5 31. Ne5 Bf4 32. Ng4 h5 33. Nf2 Qg3 34. Kg1 g6 35. Kf1 Kd6 36. a4 Kc7 37. Nxe4 dxe4 38. Qxe4 Be3 39. Qe5+ Qxe5 40. dxe5 Bf4 41. Be4 g5 42. Bg6 g4 43. Kg2 gxh3+ 44. Kxh3 Bxe5 45. Bxh5 Kd6 46. Bg4 Bf4 47. Kg2 Bc1 48. b3 Bb2 49. c4 e5 50. Bd1 Kc5 51. Kf3 Kd4 52. Ke2 Kc3 53. Ke1 a6 54. Ke2 b6 55. Ke1 Kd3 56. Kf2 Bd4+ 57. Ke1 e4 58. Be2+ Kc2 59. Bd1+ Kc3 60. Ke2 a5 61. Ke1 Kd3 62. Be2+ Ke3 63. Bd1 Bc3+ 64. Kf1 Kd2 65. Be2 Bd4 66. c5 Bxc5 67. Bc4 e3 68. Ba6 Kc3 69. Bc4 b5 70. axb5 cxb5 71. Bxb5 Kxb3 72. Ke2 a4 73. Bc6 a3 74. Bd5+ Kb2 75. Kd3 a2 0-1

[Event "November 21 Late 2023"]
[Site "https://www.chess.com"]
[Date "2023.11.21"]
[Round "6"]
[White "i_like_explosions"]
[Black "Mazurkiewicz, Michal"]
[Result "0-1"]
[Board "98"]
[TimeControl "180+1"]
[BlackFideId "1124943"]
[WhiteElo "2374"]
[BlackElo "2124"]
[BlackTeam "POL"]
[WhiteClock "0:00:19"]
[BlackClock "0:01:17"]

1. d4 Nf6 2. Bg5 e6 3. e4 h6 4. Bxf6 Qxf6 5. Nc3 Bb4 6. Qd2 d6 7. O-O-O e5 8. dxe5 dxe5 9. a3 Bxc3 10. Qxc3 Nc6 11. f3 O-O 12. Bb5 Nd4 13. Bc4 b5 14. Bd3 c5 15. Nh3 c4 16. Bf1 a5 17. Nf2 Be6 18. Qe3 b4 19. Kb1 c3 20. axb4 axb4 21. Be2 Ba2+ 22. Kc1 Bc4 0-1

[Event "November 21 Late 2023"]
[Site "https://www.chess.com"]
[Date "2023.11.21"]
[Round "6"]
[White "Serban, Cristian-Stefan"]
[Black "Todorovic, Bojan"]
[Result "0-1"]
[Board "99"]
[TimeControl "180+1"]
[WhiteFideId "1241443"]
[BlackFideId "917087"]
[WhiteElo "2028"]
[BlackElo "2266"]
[WhiteTeam "ROU"]
[BlackTeam "SRB"]
[WhiteClock "0:00:00"]
[BlackClock "0:00:02"]

1. d4 g6 2. e4 Bg7 3. Nc3 d6 4. f4 a6 5. Nf3 Nd7 6. Bd3 b5 7. e5 Bb7 8. Be4 Qc8 9. Qe2 b4 10. Bxb7 Qxb7 11. Ne4 Qd5 12. c4 bxc3 13. bxc3 Nh6 14. c4 Qa5+ 15. Bd2 Qa3 16. O-O O-O 17. Be3 Rab8 18. Rab1 Nf5 19. Bf2 e6 20. c5 d5 21. Ned2 Rxb1 22. Nxb1 Qa4 23. g4 Ne7 24. Nc3 Qa5 25. Qc2 Nc6 26. Rb1 Rb8 27. Rb3 Rxb3 28. Qxb3 Qb4 29. Qxb4 Nxb4 30. Kf1 Nd3 31. Be3 Nb8 32. Ke2 Nb2 33. Bc1 Nc4 34. Kd3 Nc6 35. a3 f6 36. Nd2 fxe5 37. dxe5 Nxd2 38. Bxd2 Bf8 39. Be3 g5 40. Na4 gxf4 41. Bxf4 Kf7 42. h4 Be7 43. h5 Bh4 44. Nb2 Bf2 45. Na4 Be1 46. g5 Bf2 47. Ke2 Bg1 48. Kd3 Bf2 49. h6 Bg1 0-1

[Event "November 21 Late 2023"]
[Site "https://www.chess.com"]
[Date "2023.11.21"]
[Round "6"]
[White "Urbina Perez, Juan Antonio"]
[Black "Garrido, Denis"]
[Result "0-1"]
[Board "100"]
[TimeControl "180+1"]
[WhiteFideId "2217368"]
[BlackFideId "601217"]
[WhiteElo "2185"]
[BlackElo "2369"]
[WhiteTeam "ESP"]
[BlackTeam "FRA"]
[WhiteClock "0:00:14"]
[BlackClock "0:00:22"]

1. d4 d5 2. Nf3 Nf6 3. c4 c6 4. Nbd2 Bf5 5. Qb3 Qb6 6. Qxb6 axb6 7. cxd5 cxd5 8. e3 Nc6 9. Bb5 Bd7 10. O-O e6 11. a3 Bd6 12. Nb3 Na5 13. Bxd7+ Nxd7 14. Nxa5 bxa5 15. Bd2 Ke7 16. Rfc1 a4 17. Kf1 Rhc8 18. Ne1 Nb6 19. g3 Nc4 20. Bc3 Ra6 21. Nd3 Rac6 22. Be1 f6 23. Ke2 h5 24. Rc3 Nxb2 25. Rxc6 Rxc6 26. Nc1 b5 27. Rb1 Rc2+ 28. Kf1 Bxa3 29. Ne2 Bd6 30. Bc3 Nc4 31. Rxb5 Kd7 32. Rb7+ Bc7 33. Ra7 a3 34. Ke1 Kc6 35. Kd1 Ra2 36. Nc1 Rxf2 37. Bb4 Rxh2 38. Bxa3 Nxe3+ 39. Ke1 Nc2+ 40. Kd1 Nxa3 41. Rxa3 Bb6 42. Ne2 g5 43. Rf3 f5 44. Re3 Kd7 45. Rb3 Bc7 46. Ke1 h4 47. gxh4 Rxh4 48. Kf2 g4 49. Rd3 f4 50. Ng1 Rh2+ 51. Kf1 f3 52. Nxf3 gxf3 53. Rxf3 Rd2 54. Rf7+ Kc6 55. Re7 Kd6 56. Rg7 Rxd4 57. Ke2 Re4+ 58. Kd3 Bb6 59. Rg8 Ke5 60. Rg5+ Kf6 61. Rg8 Re3+ 62. Kd2 d4 63. Rb8 Bc7 64. Rc8 Bd6 65. Rd8 Bb4+ 66. Kd1 e5 67. Rd7 Kf5 68. Rd8 Ke4 69. Rd7 Kd3 70. Kc1 Re1+ 71. Kb2 Bc3+ 72. Kb3 e4 73. Ra7 Rb1+ 74. Ka2 Ra1+ 75. Kb3 e3 76. Rxa1 Bxa1 77. Ka2 e2 78. Kb3 e1=Q 79. Ka2 Qa5+ 80. Kb3 Qc3+ 81. Ka4 Qb2 82. Ka5 Kc4 83. Ka6 Kc5 84. Ka7 Kc6 0-1

[Event "November 21 Late 2023"]
[Site "https://www.chess.com"]
[Date "2023.11.21"]
[Round "6"]
[White "Pourkashiyan, Atousa"]
[Black "Ward, Ieuan C"]
[Result "1/2-1/2"]
[Board "101"]
[TimeControl "180+1"]
[WhiteFideId "12502014"]
[BlackFideId "406627"]
[WhiteElo "2221"]
[BlackElo "2364"]
[WhiteTeam "USA"]
[BlackTeam "ENG"]
[WhiteClock "0:00:07"]
[BlackClock "0:00:15"]

1. e4 e5 2. Nf3 Nc6 3. Bb5 a6 4. Ba4 Nf6 5. O-O Be7 6. Re1 b5 7. Bb3 O-O 8. h3 d6 9. c3 Na5 10. Bc2 c5 11. d4 cxd4 12. cxd4 exd4 13. Nxd4 Qc7 14. Nc3 h6 15. Nd5 Nxd5 16. exd5 Bf6 17. Nc6 Nxc6 18. dxc6 Rd8 19. Be4 d5 20. Bxd5 Be6 21. Rxe6 fxe6 22. Bxe6+ Kh8 23. Qf3 Qe5 24. Bb3 Qe1+ 25. Kh2 Be5+ 26. g3 Rf8 27. Bf7 Ra7 28. Be3 Qxa1 29. Bxa7 Qxa2 30. Bxa2 Rxf3 31. Bb6 g5 32. c7 Bxc7 33. Kg2 Bxb6 34. Kxf3 Kg7 35. Ke2 a5 36. f4 gxf4 37. gxf4 Kf6 38. Kf3 Bd4 39. b3 a4 40. bxa4 bxa4 41. Ke4 Bb2 42. Bb1 a3 43. Ba2 Ba1 44. h4 Bb2 45. h5 Ba1 46. Bb1 Bb2 47. Kd5 Bc1 48. Ke4 Bb2 49. Kf3 Bc1 50. Ke4 Bxf4 51. Kxf4 Kg7 52. Ba2 Kh8 53. Kf5 Kh7 54. Bb1 a2 55. Bxa2 Kh8 56. Bb1 Kh7 57. Bc2 Kh8 58. Kg6 Kg8 59. Kxh6 Kh8 60. Bd3 Kg8 61. Kg6 Kh8 62. h6 Kg8 63. h7+ Kh8 64. Kh5 Kg7 65. Kh4 Kh8 66. Kg3 Kg7 67. Kf4 Kh8 68. Kg5 Kg7 69. h8=Q+ Kxh8 1/2-1/2

[Event "November 21 Late 2023"]
[Site "https://www.chess.com"]
[Date "2023.11.21"]
[Round "6"]
[White "Romero Ruscalleda, Josep"]
[Black "Jesseinkman"]
[Result "1/2-1/2"]
[Board "102"]
[TimeControl "180+1"]
[WhiteFideId "2231859"]
[WhiteElo "2183"]
[BlackElo "2483"]
[WhiteTeam "ESP"]
[WhiteClock "0:00:07"]
[BlackClock "0:00:06"]

1. e4 e5 2. Nf3 Nc6 3. Bc4 Nf6 4. d4 exd4 5. e5 d5 6. Bb5 Ne4 7. Nxd4 Bd7 8. Bxc6 bxc6 9. O-O Bc5 10. Be3 Bb6 11. Nd2 Nxd2 12. Qxd2 c5 13. Nf3 d4 14. Bg5 Qc8 15. Rfe1 h6 16. Bh4 Be6 17. a4 a5 18. c3 O-O 19. Qf4 d3 20. c4 Bf5 21. Re3 Bh7 22. Nd2 Qf5 23. Qxf5 Bxf5 24. f4 Rab8 25. h3 Ba7 26. b3 h5 27. Kf2 f6 28. exf6 gxf6 29. Re7 Rf7 30. Rae1 Rbf8 31. Kf3 Bb8 32. g4 hxg4+ 33. hxg4 Bc8 34. Rxf7 Kxf7 35. Re3 Bb7+ 36. Kf2 Rd8 37. g5 Rd4 38. Bg3 f5 39. Re5 c6 40. Rxf5+ Kg6 41. Rf6+ Kh5 42. Rf7 Bc8 43. Rh7+ Kg4 44. g6 Bxf4 45. Bxf4 Rxf4+ 46. Ke3 Rf8 47. Rf7 Rg8 48. g7 Be6 49. Re7 Kf5 50. Ne4 d2 51. Nxd2 Kf6 52. Rc7 Rxg7 53. Rxg7 Kxg7 54. Ne4 Bc8 55. Nxc5 Kf6 56. Kd4 Ke7 57. Ne4 Kd7 58. Nc3 Kc7 59. c5 Bh3 60. Ne4 Be6 61. Kc3 Bd5 62. Nd2 Kb7 63. Nc4 Ka6 64. Nb6 Bf7 65. Nd7 Be6 66. Ne5 Kb7 67. b4 axb4+ 68. Kxb4 Bf5 69. a5 Be4 70. Nc4 Ka6 71. Nd6 Bd5 72. Nc8 Be6 73. Nb6 Bf5 74. Nc4 Be6 75. Nd2 Bd5 76. Ka4 Be6 77. Nb1 Bf5 78. Na3 Be6 79. Nc2 Bf5 80. Nb4+ Kb7 81. a6+ Ka7 82. Ka5 Bd7 83. Nd3 Bc8 84. Ne5 Bxa6 85. Nxc6+ Kb7 86. Nb4 Bc4 87. c6+ Kc7 88. Ka4 Bd5 89. Kb5 Bxc6+ 1/2-1/2

[Event "November 21 Late 2023"]
[Site "https://www.chess.com"]
[Date "2023.11.21"]
[Round "6"]
[White "Jarocka, Liwia"]
[Black "BM223344"]
[Result "1/2-1/2"]
[Board "103"]
[TimeControl "180+1"]
[WhiteFideId "21807558"]
[WhiteElo "2001"]
[BlackElo "2481"]
[WhiteTeam "POL"]
[WhiteClock "0:00:27"]
[BlackClock "0:00:23"]

1. e4 e6 2. d4 d5 3. Bd3 Nf6 4. e5 Nfd7 5. c3 c5 6. Nf3 Nc6 7. O-O Be7 8. Re1 O-O 9. Nbd2 a6 10. Nf1 b5 11. Ng3 cxd4 12. cxd4 f5 13. exf6 Nxf6 14. Bg5 Bd7 15. a3 Rc8 16. Rc1 Qe8 17. Bb1 Qf7 18. Qd3 g6 19. Bd2 Bd6 20. Bc3 Ng4 21. Qe2 Rce8 22. h3 Nf6 23. Bd2 Bxg3 24. fxg3 Nh5 25. Bh6 Ng7 26. Rf1 Qe7 27. Rce1 Qd6 28. Qd2 Qxg3 29. Re2 Qd6 30. Rfe1 Rf7 31. Ne5 Nxe5 32. dxe5 Qc5+ 33. Be3 Qe7 34. b4 Nf5 35. Bc5 Qh4 36. Bxf5 gxf5 37. Qd4 Qxd4+ 38. Bxd4 Rc8 39. Bc5 Rg7 40. Rf2 Be8 41. Rd1 Rg3 42. Rf3 Rxf3 43. gxf3 Bh5 44. Kf2 Kf7 45. Rc1 f4 46. Rc3 Kg6 47. Bd4 Rxc3 48. Bxc3 Kf5 49. Bd4 Be8 50. Kg2 h5 51. h4 Bc6 52. Kf2 Kg6 53. Ke2 Kf5 54. Kf2 Be8 55. Ke2 Bg6 56. Kf2 Bh7 57. Ke2 Kg6 58. Kf2 Kf7 59. Ke2 Bf5 60. Kf2 Kg6 61. Bc5 Bc2 62. Bd4 Kf5 63. Ke2 Be4 64. Kf2 Bd3 65. Kg2 Be4 66. Kf2 Bc2 67. Kg2 Bd1 68. Kf2 Bb3 69. Kg2 Bc4 70. Kf2 Bd3 71. Kg2 Be4 72. Kf2 1/2-1/2

[Event "November 21 Late 2023"]
[Site "https://www.chess.com"]
[Date "2023.11.21"]
[Round "6"]
[White "Cooper, Aaron"]
[Black "Ongut, Tamas Gunes"]
[Result "0-1"]
[Board "104"]
[TimeControl "180+1"]
[WhiteFideId "2634945"]
[BlackFideId "770280"]
[WhiteElo "2338"]
[BlackElo "2148"]
[WhiteTeam "CAN"]
[BlackTeam "HUN"]
[WhiteClock "0:00:14"]
[BlackClock "0:01:38"]

1. e4 e5 2. f4 exf4 3. Nf3 Nf6 4. Qe2 Nh5 5. d4 g6 6. Nc3 Bg7 7. Qf2 O-O 8. Bc4 c6 9. Bb3 a5 10. a4 d5 11. e5 f6 12. O-O fxe5 13. Nxe5 Nd7 14. Nd3 Ndf6 15. Ne2 Ne4 16. Qe1 f3 17. Rxf3 Rxf3 18. gxf3 Ng5 19. Kf2 Nh3+ 20. Kg2 Bf5 21. Nef4 Qg5+ 22. Kh1 N3xf4 23. Nxf4 Nxf4 24. Be3 Qg2# 0-1

[Event "November 21 Late 2023"]
[Site "https://www.chess.com"]
[Date "2023.11.21"]
[Round "6"]
[White "Rangel, Daniel"]
[Black "Eggleston, Thomas A"]
[Result "1-0"]
[Board "105"]
[TimeControl "180+1"]
[WhiteFideId "2124475"]
[BlackFideId "412139"]
[WhiteElo "2267"]
[BlackElo "2169"]
[WhiteTeam "BRA"]
[BlackTeam "ENG"]
[WhiteClock "0:00:15"]
[BlackClock "0:00:00"]

1. d4 e6 2. c4 f5 3. Nc3 Nf6 4. h3 Bb4 5. g4 c5 6. gxf5 cxd4 7. Qxd4 Nc6 8. Qd3 Ne5 9. Qc2 O-O 10. Bg5 Qa5 11. Bxf6 Rxf6 12. e4 d5 13. f4 d4 14. fxe5 dxc3 15. O-O-O cxb2+ 16. Kb1 Qxe5 17. Nf3 Qf4 18. Bg2 Rf8 19. Rhf1 exf5 20. e5 Qg3 21. h4 f4 22. Ng5 Bf5 23. Be4 g6 24. c5 Qc3 25. Bxf5 Rxf5 26. Qg2 f3 27. Qg4 f2 28. h5 Ba3 29. Nxh7 Qc1+ 30. Rxc1 bxc1=Q+ 31. Rxc1 Bxc1 32. Qxg6+ Kh8 33. Nf6 Rxf6 34. Qxf6+ Kh7 35. Qxf2 Bh6 36. Qf7+ Kh8 37. Qg6 Bg7 38. e6 Rc8 39. e7 1-0

[Event "November 21 Late 2023"]
[Site "https://www.chess.com"]
[Date "2023.11.21"]
[Round "6"]
[White "Della Morte, German"]
[Black "Silvestre, Christian"]
[Result "1-0"]
[Board "106"]
[TimeControl "180+1"]
[WhiteFideId "113522"]
[BlackFideId "30956269"]
[WhiteElo "2306"]
[BlackElo "2331"]
[WhiteTeam "ARG"]
[BlackTeam "USA"]
[WhiteClock "0:00:15"]
[BlackClock "0:00:06"]

1. e4 c5 2. Nc3 e6 3. g3 a6 4. Bg2 Qc7 5. d3 Nf6 6. f4 d6 7. Nf3 Be7 8. O-O Nc6 9. Be3 b5 10. h3 b4 11. Ne2 Bb7 12. Rb1 h5 13. Qd2 a5 14. c3 c4 15. e5 cxd3 16. Qxd3 dxe5 17. fxe5 Ba6 18. c4 Nd5 19. Bf2 Nxe5 20. Nxe5 Qxe5 21. Nf4 Rd8 22. Nxd5 exd5 23. Rbe1 dxc4 24. Rxe5 cxd3 25. Bc5 Rd7 26. Bc6 Kd8 27. Bb6+ Kc8 28. Bxd7+ Kxd7 29. Rxf7 Re8 30. Bc5 d2 31. Rd5+ Kc6 32. Rxd2 Bxc5+ 33. Kh2 Re1 34. Rxg7 Bg1+ 35. Kg2 Bb7 36. Rdd7 Ba8 37. g4 Kb6+ 38. Kg3 hxg4 39. Rg6+ Kc5 40. Rc7+ Kb5 41. hxg4 Re3+ 42. Kf4 Bh2+ 43. Kxe3 Bxc7 44. g5 Bb6+ 45. Kf4 Bd5 46. b3 a4 47. bxa4+ Ka5 48. Rf6 Bxa2 49. g6 Bd4 50. Rd6 Bc3 51. Ke3 Kxa4 52. Kd3 Bb1+ 53. Kc4 Bxg6 54. Ra6# 1-0

[Event "November 21 Late 2023"]
[Site "https://www.chess.com"]
[Date "2023.11.21"]
[Round "6"]
[White "OKEKE, Isaac Chukwudalu"]
[Black "Shton, Roman"]
[Result "1-0"]
[Board "107"]
[TimeControl "180+1"]
[WhiteFideId "8508526"]
[BlackFideId "14137461"]
[WhiteElo "2161"]
[BlackElo "2027"]
[WhiteTeam "NGR"]
[BlackTeam "UKR"]
[WhiteClock "0:01:42"]
[BlackClock "0:01:09"]

1. e4 Nf6 2. e5 Nd5 3. d4 d6 4. c4 Nb6 5. f4 g6 6. Nc3 Bg7 7. Be2 O-O 8. Be3 Be6 9. b3 c5 10. dxc5 N6d7 11. cxd6 Qa5 12. dxe7 Qxc3+ 13. Bd2 Qd4 14. Nf3 Qe4 15. exf8=Q+ Bxf8 16. O-O Bc5+ 17. Kh1 Nc6 18. Ng5 Qf5 19. g4 1-0

[Event "November 21 Late 2023"]
[Site "https://www.chess.com"]
[Date "2023.11.21"]
[Round "6"]
[White "ATM622"]
[Black "Prokhorov, Oleksandr"]
[Result "1-0"]
[Board "108"]
[TimeControl "180+1"]
[BlackFideId "14105578"]
[WhiteElo "2456"]
[BlackElo "1913"]
[BlackTeam "UKR"]
[WhiteClock "0:00:52"]
[BlackClock "0:00:00"]

1. d4 g6 2. c4 Bg7 3. g3 c5 4. d5 f5 5. Bg2 d6 6. Nf3 Nf6 7. O-O O-O 8. Nc3 Na6 9. e4 fxe4 10. Ng5 Bf5 11. Ncxe4 h6 12. Nxf6+ Bxf6 13. Ne6 Bxe6 14. dxe6 Rb8 15. Bxh6 Bg7 16. Bxg7 Kxg7 17. f4 b5 18. f5 gxf5 19. Qh5 Rf6 20. Rxf5 Rxf5 21. Qxf5 Qh8 22. Qg5+ Kf8 23. Rf1+ Ke8 24. cxb5 Nb4 25. a3 Nd3 26. Bc6+ Kd8 27. Rf7 Qd4+ 28. Kf1 1-0

[Event "November 21 Late 2023"]
[Site "https://www.chess.com"]
[Date "2023.11.21"]
[Round "6"]
[White "Liu, Leonardo"]
[Black "Joie, Sebastien"]
[Result "1-0"]
[Board "109"]
[TimeControl "180+1"]
[WhiteFideId "30965780"]
[BlackFideId "650420"]
[WhiteElo "2276"]
[BlackElo "2396"]
[WhiteTeam "USA"]
[BlackTeam "FRA"]
[WhiteClock "0:01:02"]
[BlackClock "0:00:04"]

1. e4 c5 2. Nc3 Nc6 3. g3 g6 4. Bg2 Bg7 5. d3 e6 6. Be3 b6 7. Qd2 Nge7 8. Bh6 Bf6 9. h4 d5 10. exd5 exd5 11. O-O-O Be6 12. Kb1 Nf5 13. Bf4 O-O 14. Nf3 Nd6 15. Ng5 Bxg5 16. Bxg5 f6 17. Bh6 Rf7 18. Nxd5 Rc8 19. Rde1 Qd7 20. Nf4 Bxa2+ 21. Kxa2 Nb4+ 22. Kb1 Nc4 23. Qc3 Qa4 24. Qxc4 b5 25. Qb3 1-0

[Event "November 21 Late 2023"]
[Site "https://www.chess.com"]
[Date "2023.11.21"]
[Round "6"]
[White "Curtis, John"]
[Black "Weisz, Bryan"]
[Result "0-1"]
[Board "110"]
[TimeControl "180+1"]
[WhiteFideId "3200256"]
[BlackFideId "30934133"]
[WhiteElo "2203"]
[BlackElo "2447"]
[WhiteTeam "AUS"]
[BlackTeam "USA"]
[WhiteClock "0:00:14"]
[BlackClock "0:00:18"]

1. e4 e5 2. Nf3 Ke7 3. Nc3 f6 4. d4 d6 5. dxe5 dxe5 6. Qxd8+ Kxd8 7. Be3 c6 8. Bc4 b5 9. O-O-O+ Kc7 10. Bxg8 Rxg8 11. Nd2 Be6 12. a3 a5 13. f4 b4 14. Ncb1 Nd7 15. f5 Bf7 16. a4 Bc5 17. Bxc5 Nxc5 18. b3 Rgd8 19. Rde1 Rd4 20. Re3 Rad8 21. Rhe1 h5 22. Rg3 Rg8 23. Rge3 g6 24. Nf3 gxf5 25. Nxd4 exd4 26. Rg3 Rxg3 27. hxg3 fxe4 28. Rf1 e3 29. Rxf6 Bd5 30. Kd1 Ne4 31. Rg6 Nf2+ 32. Ke2 Be4 33. Rg5 Bxc2 34. Nd2 exd2 35. Rg7+ Kb6 36. Kxd2 Bxb3 37. Rh7 Ne4+ 38. Kd3 Nxg3 39. Kxd4 h4 40. Rh8 c5+ 41. Ke5 c4 42. Kd4 c3 43. Rh7 c2 44. Rh6+ Kc7 45. Rxh4 c1=Q 46. Rh3 Ne2+ 47. Ke4 Qc4+ 48. Ke3 Nc3 49. Rh7+ Kd6 50. Rh6+ Ke7 51. Rh3 Qe4+ 52. Kf2 Nd1+ 53. Kg3 Ne3 54. Rh5 Qxg2+ 55. Kf4 Nd5+ 56. Rxd5 Qxd5 57. Ke3 Bxa4 58. Kf4 b3 59. Ke3 b2 60. Kf4 b1=Q 61. Kg3 Bb5 62. Kf4 a4 63. Ke3 a3 64. Kf4 a2 65. Kg3 a1=Q 0-1

[Event "November 21 Late 2023"]
[Site "https://www.chess.com"]
[Date "2023.11.21"]
[Round "6"]
[White "seasidesunset"]
[Black "Jimenez Ruano, Adrian"]
[Result "0-1"]
[Board "111"]
[TimeControl "180+1"]
[BlackFideId "22276050"]
[WhiteElo "2194"]
[BlackElo "2215"]
[BlackTeam "ESP"]
[WhiteClock "0:00:00"]
[BlackClock "0:00:33"]

1. e4 c5 2. c4 Nc6 3. Nc3 g6 4. g3 Bg7 5. Bg2 d6 6. d3 e6 7. Nge2 Nge7 8. O-O O-O 9. f4 Nd4 10. h3 Nec6 11. Be3 Rb8 12. a4 b6 13. g4 Kh8 14. Ng3 Bd7 15. f5 Be5 16. Bf4 Bxf4 17. Rxf4 Qg5 18. Rf1 Ne5 19. Kh2 Qe3 20. Nb5 Qxd3 21. Nxd6 Qxd1 22. Rfxd1 Bc6 23. f6 a6 24. Ndf5 exf5 25. gxf5 gxf5 26. Rxd4 cxd4 27. Nxf5 Rg8 28. Nxd4 Rbd8 29. Nxc6 Nxc6 30. Rg1 Rd2 31. h4 Ne5 32. Kh3 Nd3 33. e5 Nf4+ 34. Kh2 Rdxg2+ 35. Rxg2 Rxg2+ 36. Kh1 Rxb2 37. e6 Nxe6 0-1

[Event "November 21 Late 2023"]
[Site "https://www.chess.com"]
[Date "2023.11.21"]
[Round "6"]
[White "Swicarz, Maciej"]
[Black "DraningWaterHi"]
[Result "1-0"]
[Board "112"]
[TimeControl "180+1"]
[WhiteFideId "1113585"]
[WhiteElo "2127"]
[BlackElo "2139"]
[WhiteTeam "POL"]
[WhiteClock "0:02:17"]
[BlackClock "0:01:36"]

1. c4 Nf6 2. Nc3 g6 3. e4 d6 4. d4 Bg7 5. Nge2 O-O 6. Ng3 e5 7. d5 Na6 8. h4 Nc5 9. Be2 h5 10. Bg5 a5 11. Bxh5 gxh5 12. Nxh5 Ncd7 13. Qf3 Bh8 14. Rh3 c6 15. Rg3 Nxh5 16. Qxh5 f6 17. Bxf6+ 1-0

[Event "November 21 Late 2023"]
[Site "https://www.chess.com"]
[Date "2023.11.21"]
[Round "6"]
[White "Novikova, Galina"]
[Black "Ivanov, Aleksandr"]
[Result "1-0"]
[Board "113"]
[TimeControl "180+1"]
[WhiteFideId "4157095"]
[BlackFideId "2092980"]
[WhiteElo "1972"]
[BlackElo "2078"]
[WhiteTeam "RUS"]
[BlackTeam "USA"]
[WhiteClock "0:00:16"]
[BlackClock "0:00:00"]

1. d4 d5 2. c4 e6 3. Nc3 c6 4. Nf3 dxc4 5. a4 Bb4 6. Bd2 a5 7. e4 b5 8. axb5 Bxc3 9. Bxc3 cxb5 10. b3 Bb7 11. bxc4 b4 12. Bb2 Bxe4 13. d5 Nf6 14. Bd3 exd5 15. cxd5 Qxd5 16. Qa4+ Nbd7 17. Bxf6 Bxd3 18. Bd4 O-O 19. Rd1 Qe4+ 20. Be3 Nc5 21. Qa1 Rfd8 22. h4 a4 23. h5 h6 24. Rh4 Qe6 25. Rxb4 Nb3 26. Qc3 Be4 27. Nd4 Qg4 28. f3 Qxg2 29. fxe4 Rac8 30. Rc4 1-0